 Dungeon Crawl Stone Soup version 0.28.0-43-g3370ac3207 (webtiles) character file.

Game seed: 2719529613067272405

48 zcamperz the Skirmisher (level 3, 0/35 HPs)
             Began as a Minotaur Berserker on Mar 28, 2022.
             Was a Follower of Trog.
             Slain by Sigmund
             ... wielding a +0 scythe
              (1 damage)
             ... on level 2 of the Dungeon.
             The game lasted 00:01:20 (1333 turns).

zcamperz the Skirmisher (Minotaur Berserker)        Turns: 1333, Time: 00:01:21

Health: 0/35       AC:  6    Str: 20 (23) XL:     3   Next: 50%
Magic:  2/2        EV: 10    Int:  3 (4)  God:    Trog [*.....]
Gold:   53         SH:  0    Dex:  6 (9)  Spells: 2/2 levels left

rFire   . . .      SeeInvis .   k - +3 flail (protect)
rCold   . . .      Faith    .   (no shield)
rNeg    . . .      Spirit   .   e - +0 scale mail
rPois   +          Reflect  .   (helmet restricted)
rElec   .          Harm     .   (no cloak)
rCorr   .          Rampage  .   (no gloves)
Will    .....                   (no boots)
Stlth   ..........              (no amulet)
HPRegen 0.11/turn               h - ring of poison resistance
MPRegen 0.08/turn               (no ring)

@: on berserk cooldown, slowed, very slow
A: horns 2, retaliatory headbutt
a: Renounce Religion, Berserk


You were on level 2 of the Dungeon.
You worshipped Trog.
Trog was aware of your devotion.
You visited 1 branch of the dungeon, and saw 2 of its levels.

You collected 53 gold pieces.

Inventory:

Hand Weapons
 a - a +0 hand axe
 k - a +3 flail of protection (weapon)
Armour
 e - a +0 scale mail (worn)
Jewellery
 h - a ring of poison resistance (left hand)
Scrolls
 c - a scroll of blinking {unknown}
 d - a scroll of teleportation {unknown}
 g - a scroll of fear {unknown}
 j - a scroll of amnesia {unknown}
Potions
 f - a potion of brilliance {unknown}
 i - 2 potions of curing {unknown}


   Skills:
 + Level 4.8 Fighting
 + Level 4.2 Axes
 + Level 2.5 Armour
 + Level 2.5 Dodging


You had 2 spell levels left.
You didn't know any spells.
Your spell library was empty.

Dungeon Overview and Level Annotations

Branches:
Dungeon (2/15)

Altars:

Annotations:
D:2 Sigmund


Innate Abilities, Weirdness & Mutations

You have a pair of horns on your head.
You reflexively headbutt those who attack you in melee.


Message History

Things that are here:
a +3 flail of protection; a +0 scale mail; the human corpse of Terence
k - a +3 flail of protection Your +3 flail of protection hums with potential!
k - a +3 flail of protection (weapon)
h - a ring of poison resistance (left hand)
You start resting.
Sigmund the Dreaded comes into view.
He is wielding a +0 scythe.
Sigmund is nearby!
Sigmund is nearby!
Sigmund is nearby!
Sigmund shouts!
Sigmund says, "Look into my eyes."
Sigmund gestures at you while chanting. The puff of flame hits you.
You hear an angry hiss.
Okay, then.
Sigmund hits you from afar with a +0 scythe.
Sigmund hits you from afar with a +0 scythe!
Sigmund hits you with a +0 scythe.
* * * LOW HITPOINT WARNING * * *
You hit Sigmund but do no damage.
Your weapon exudes an aura of protection.
Your headbutt misses Sigmund. Sigmund casts a spell at you.
You resist with significant effort. Sigmund barely misses you.
You closely miss Sigmund. Sigmund hits you but does no damage.
You thump Sigmund! You headbutt Sigmund. You punch Sigmund.
Sigmund is heavily wounded.
Sigmund closely misses you.
Unknown command.
It was a potion of degeneration.
There was something very wrong with that liquid.
You feel weakened.
You feel dopey.
You feel clumsy. Sigmund hits you with a +0 scythe!
* * * LOW HITPOINT WARNING * * *
You closely miss Sigmund.
Sigmund is heavily wounded.
Sigmund hits you but does no damage. Sigmund hits you with a +0 scythe.
You die...

....... . # >...... ..
##. ....... ... #..
....... ....###.#
....... ......#.######
.......
....#.......[###.......
.......<.###.@@........
....#....# ####........
.......### #........
.....#. #........
.....#. ......... ....
#. #......... #.. #.
..#....... .#. .@ ..#
....... .. .......


You could see Sigmund.

Vanquished Creatures
  Terence (D:2)
  An endoplasm (D:1)
  A giant cockroach (D:1)
  2 goblins (D:1)
  6 hobgoblins
  A quokka (D:1)
  3 ball pythons (D:1)
  3 bats (D:1)
  2 frilled lizards (D:1)
  A kobold (D:1)
21 creatures vanquished.

Vanquished Creatures (others)
  4 fungi (D:1)
4 creatures vanquished.

Grand Total: 25 creatures vanquished

Notes
Turn   | Place    | Note
-------+----------+-------------------------------------------
     0 | D:1      | zcamperz the Minotaur Berserker began the quest for the
                  | Orb.
     0 | D:1      | Reached XP level 1. HP: 19/19 MP: 0/0
   514 | D:1      | Reached XP level 2. HP: 12/27 MP: 1/1
  1093 | D:1      | Found a faded altar of an unknown god.
  1289 | D:2      | Noticed Terence
  1308 | D:2      | Killed Terence
  1309 | D:2      | Reached XP level 3. HP: 34/35 MP: 2/2
  1319 | D:2      | Noticed Sigmund
  1332 | D:2      | HP: 1/35 [Sigmund/+0 scythe (10)]
  1333 | D:2      | Slain by Sigmund

Illustrated notes

Levels and vault maps discovered:
D:1:      psy_arrival_fountain, layout_loops_ring,
          shapermc_ecumenical_altar_hornbeckon, item_on_display_a
D:2:      layout_rooms, uniq_natasha, uniq_terence, uniq_sigmund

Skill      XL: |  1  2 |
---------------+-------+-----
Axes           | 4 |  4.2
Fighting       | 4 |  4.8
Armour         | |  2.5
Dodging        | |  2.5

Action                   || total
-------------------------++-------
Melee: Hand axe          ||    39
       Headbutt          ||     6
       Flail             ||     4
       Punch             ||     1
Invok: Berserk           ||     1
  Use: Potion            ||     1
Armor: Animal skin       ||     8
       Scale mail        ||    12
Dodge: Dodged            ||    45
